 Dungeon Crawl Stone Soup version 0.30.1-11-g7821555f0a (webtiles) character file.

Game seed: 7098258772577528131

56 Danienth the Charlatan (level 4, -6/33 HPs)
             Began as a Human Wanderer on Nov 8, 2023.
             Mangled by an iguana (14 damage)
             ... on level 3 of the Dungeon.
             The game lasted 00:06:35 (2085 turns).

Danienth the Charlatan (Human Wanderer)             Turns: 2085, Time: 00:06:36

Health: -6/33      AC:  3    Str: 15    XL:     4   Next: 15%
Magic:  4/4        EV: 11    Int: 11    God:
Gold:   64         SH:  0    Dex: 13    Spells: 3/3 levels left

rFire   . . .        a - +1 falchion
rCold   . . .        (no shield)
rNeg    . . .        d - +0 leather armour
rPois   .            (no helmet)
rElec   .            (no cloak)
rCorr   .            (no gloves)
SInv    .            (no boots)
Will    .....        (no amulet)
Stlth   ++           (no ring)
HPRegen 0.25/turn    (no ring)
MPRegen 0.09/turn

%: no passive effects
@: no status effects
A: no striking features
a: no special abilities


You were on level 3 of the Dungeon.
You visited 1 branch of the dungeon, and saw 3 of its levels.

You collected 64 gold pieces.

Inventory:

Hand Weapons
 a - a +1 falchion (weapon)
Missiles
 m - 3 curare-tipped darts
 n - 2 poisoned darts
Armour
 d - a +0 leather armour (worn)
Scrolls
 c - a scroll of vulnerability {unknown}
 f - a scroll of brand weapon {unknown}
 g - a scroll of acquirement {unknown}
 h - 2 scrolls of noise {unknown}
 j - a scroll of enchant armour {unknown}
 q - a scroll of blinking {unknown}
 r - a scroll of identify {unknown}
Potions
 e - 2 potions of ambrosia {unknown}
 i - a potion of berserk rage {unknown}
 k - a potion of might {unknown}
 l - a potion of degeneration {unknown}
 o - 2 potions of cancellation {unknown}
 p - a potion of brilliance {unknown}
Miscellaneous
 b - a lightning rod (4/4) (quivered)


   Skills:
 + Level 2.0 Fighting
 - Level 3.5 Long Blades
 - Level 1.0 Armour
 * Level 2.3 Stealth
 - Level 4.0 Evocations


You had 3 spell levels left.
You didn't know any spells.
Your spell library was empty.

Dungeon Overview and Level Annotations

Branches:
Dungeon (3/15)

Altars:

Shops:
D:2 (


Message History

The iguana barely misses you.
Hit: a) +1 falchion
Press: ? - help, Dir - move target, f/p - iguana
Aim: an iguana (moderately wounded, about 36% to evade your +1 falchion)
You hit the iguana but do no damage.
The iguana is moderately wounded.
The iguana barely misses you.
Hit: a) +1 falchion
Press: ? - help, Dir - move target, f/p - iguana
Aim: an iguana (moderately wounded, about 36% to evade your +1 falchion)
You hit the iguana.
The iguana is severely wounded.
The iguana barely misses you.
Hit: a) +1 falchion
Press: ? - help, Dir - move target, f/p - iguana
Aim: an iguana (severely wounded, about 36% to evade your +1 falchion)
You barely miss the iguana.
The iguana is severely wounded.
The iguana bites you.
Hit: a) +1 falchion
Press: ? - help, Dir - move target, f/p - iguana
Aim: an iguana (severely wounded, about 36% to evade your +1 falchion)
You barely miss the iguana.
The iguana is severely wounded.
The iguana misses you.
Hit: a) +1 falchion
Press: ? - help, Dir - move target, f/p - iguana
Aim: an iguana (severely wounded, about 36% to evade your +1 falchion)
You hit the iguana.
The iguana is severely wounded.
The iguana bites you.
Hit: a) +1 falchion
Press: ? - help, Dir - move target, f/p - iguana
Aim: an iguana (severely wounded, about 36% to evade your +1 falchion)
You barely miss the iguana.
The iguana is severely wounded.
The iguana bites you.
* * * LOW HITPOINT WARNING * * *
The iguana bites you!
You die...

###
#<#
#.#
#.#
#@#
#l#
#.#
#.#
#.#
#.#
#.#
#.#


You could see an iguana.

Vanquished Creatures
  2 adders (D:2)
  A dart slug (D:1)
  5 bats
  4 endoplasms
  A giant cockroach (D:1)
  4 goblins
  3 hobgoblins
  3 jackals (D:1)
  2 quokkas (D:1)
  4 ball pythons
  A frilled lizard (D:1)
  A kobold (D:1)
  3 rats
34 creatures vanquished.

Notes
Turn   | Place    | Note
-------+----------+-------------------------------------------
     0 | D:1      | Danienth the Human Wanderer began the quest for the Orb.
     0 | D:1      | Danienth set off with the following items: a +1 falchion, a
                  | lightning rod (4/4), a scroll of teleportation, a +0
                  | leather armour.
     0 | D:1      | Reached XP level 1. HP: 16/16 MP: 1/1
   157 | D:1      | Reached XP level 2. HP: 22/22 MP: 2/2
   502 | D:1      | Reached XP level 3. HP: 22/27 MP: 3/3
  1533 | D:2      | Found Wob Guc's Antique Weapon Shoppe.
  1579 | D:2      | Reached XP level 4. HP: 31/33 MP: 4/4
  2085 | D:3      | Mangled by an iguana

Illustrated notes

Levels and vault maps discovered:
D:1:      evilmike_arrival_rings, layout_rooms
D:2:      layout_loops_ring, serial_shops, shop
D:3:      layout_basic, serial_shops, shop, uniq_crazy_yiuf_cottage

Skill      XL: |  1  2  3 |
---------------+----------+-----
Long Blades    | 3 |  3.5
Stealth        | 2 |  2.3
Fighting       | |  2.0
Armour         | |  1.0
Evocations     | |  4.0

Action                     |  1- 3 |  4- 6 || total
---------------------------+-------+-------++-------
  Melee: Falchion          |   105 |    25 ||   130
         Punch             |       |     1 ||     1
    Use: Scroll            |     2 |       ||     2
   Stab: Sleeping          |     1 |     2 ||     3
 Armour: Leather armour    |    47 |     2 ||    49
  Dodge: Dodged            |    86 |    11 ||    97
